 Dungeon Crawl Stone Soup version 0.24-a0-183-g8902462 (webtiles) character file.

Game seed: 1400317873152573475

11815 Ivan the Blocker (level 11, -15/99 HPs)
             Began as a Minotaur Fighter on Mar 15, 2019.
             Was a High Priest of Okawaru.
             Demolished by an orc warrior
             ... wielding a +4 dire flail of draining
             ... led by an orc knight
              (23 damage)
             ... on level 9 of the Dungeon.
             The game lasted 00:39:08 (9931 turns).

Ivan the Blocker (Minotaur Fighter)                 Turns: 9931, Time: 00:39:09

Health: -15/99     AC: 21    Str: 25    XL:     11   Next: 54%
Magic:  8/10       EV: 10    Int:  5    God:    Okawaru [*****.]
Gold:   484        SH: 15    Dex: 16    Spells: 10/10 levels left

rFire    . . .     SeeInvis .   N - +3 spear (venom)
rCold    + . .     Gourm    .   c - +0 shield
rNeg     + . .     Faith    .   d - +4 plate armour {rC+}
rPois    .         Spirit   .   (helmet restricted)
rElec    +         Reflect  .   (no cloak)
rCorr    .         Harm     .   (no gloves)
MR       ++...                  z - +0 pair of boots
Stlth    ..........             r - amulet of the acrobat
HPRegen  0.26/turn              C - ring "Irphimy" {*Contam rElec rN+ MR+ Dex+7}
MPRegen  0.12/turn              M - ring of the Cockroach {Wiz MR+}

@: about to teleport, heroism, lightly drained
A: retaliatory headbutt, horns 2
a: Heroism, Finesse, Renounce Religion


You were on level 9 of the Dungeon.
You worshipped Okawaru.
Okawaru was extremely pleased with you.
You were not hungry.

You visited 3 branches of the dungeon, and saw 12 of its levels.
You also visited: Sewer.

You collected 559 gold pieces.
You spent 75 gold pieces at shops.

Inventory:

Hand Weapons
 N - a +3 spear of venom (weapon)
Armour
 a - the +4 ring mail of Autotheism {rF+ Dex+3, unknown}
   (Okawaru gifted it to you on level 10 of the Dungeon)

   It affects your dexterity (+3).
   It protects you from fire.
 c - a +0 shield (worn)
 d - a +4 plate armour of cold resistance (worn)
 z - a +0 pair of boots (worn)
Jewellery
 k - an uncursed ring of poison resistance {unknown}
 n - an uncursed ring of protection from magic
 r - an amulet of the acrobat (around neck)
 w - a +5 ring of dexterity
 C - the ring "Irphimy" (left hand) {*Contam rElec rN+ MR+ Dex+7}
   (You found it on level 5 of the Dungeon)

   [ring of protection from magic]

   It affects your dexterity (+7).
   It insulates you from electricity.
   It protects you from negative energy.
   It affects your resistance to hostile enchantments.
   It causes magical contamination when unequipped.
 E - an uncursed ring of flight
 M - the ring of the Cockroach (right hand) {Wiz MR+}
   (You took it off an orc warrior on level 8 of the Dungeon)

   [ring of wizardry]

   It improves your spell success rate.
   It affects your resistance to hostile enchantments.
Wands
 q - a wand of clouds (6)
 v - a wand of digging (4)
 B - a wand of random effects (59)
 F - a wand of polymorph (17)
 I - a wand of acid (7)
Scrolls
 h - 10 scrolls of teleportation
 l - 6 scrolls of remove curse
 m - a scroll of brand weapon {unknown}
 p - 3 scrolls of random uselessness
 u - a scroll of fear
 y - 3 scrolls of magic mapping
 D - 2 scrolls of amnesia
 H - a scroll of immolation {unknown}
Potions
 e - a potion of flight {unknown}
 g - 5 potions of lignification
 i - a potion of resistance {unknown}
 j - 2 potions of brilliance {unknown}
 o - 2 potions of degeneration {unknown}
 s - 2 potions of ambrosia {unknown}
 t - 2 potions of magic {unknown}
 A - 2 potions of invisibility
 K - 2 potions of agility
Comestibles
 f - 28 rations


   Skills:
 + Level 10.1(14.5) Fighting
   Level 11.0(16.5) Axes
 * Level 9.2(15.7) Polearms
 + Level 9.6(13.9) Armour
 - Level 0.5(4.9) Dodging
 - Level 0.1(4.5) Stealth
 + Level 11.3(15.7) Shields
 + Level 0.1(0.0) Invocations


You had 10 spell levels left.
You didn't know any spells.
Your spell library contained the following spells:

 Spells                   Type           Power        Failure   Level  Hunger
 Freeze                   Ice            #...         82%         1    ##.....
 Summon Small Mammal      Summ           #...         82%         1    ##.....
 Call Imp                 Summ           #.......     91%         2    ###....
 Throw Frost              Conj/Ice       #.....       91%         2    ###....
 Call Canine Familiar     Summ           #.......     99%         3    ####...
 Gell's Gravitas          Tloc           #.........   99%         3    ####...
 Ozocubu's Armour         Chrm/Ice       #.......     99%         3    ####...
 Portal Projectile        Hex/Tloc       #.....       99%         3    ####...
 Summon Guardian Golem    Hex/Summ       #.......     99%         3    ####...
 Force Lance              Conj/Tloc      #.......     100%        4    #####..
 Summon Ice Beast         Ice/Summ       #.......     100%        4    #####..
 Summon Lightning Spire   Summ/Air       #.......     100%        4    #####..
 Throw Icicle             Conj/Ice       #.......     100%        4    #####..
 Dispersal                Tloc           #.........   100%        6    #######
 Controlled Blink         Tloc           N/A          100%        8    #######
 Disjunction              Tloc           #.........   100%        8    #######


Dungeon Overview and Level Annotations

Branches:
Dungeon (10/15)            Temple (1/1) D:5            Lair (0/6) D:8
    Orc (1/2) D:9

Altars:
Ashenzari
Cheibriados
Dithmenos
Elyvilon
Fedhas
Gozag
Hepliaklqana
Kikubaaqudgha
Makhleb
Nemelex Xobeh
Okawaru
Qazlal
Ru
Sif Muna
Trog
Uskayaw
Vehumet
Wu Jian
Xom
Yredelemnul
Zin
The Shining One

Shops:
D:8 !


Innate Abilities, Weirdness & Mutations

You reflexively headbutt those who attack you in melee.
You have a pair of horns on your head.


Message History

You headbutt the orc, but do no damage. You block the orc warrior's attack.
The orc hits you but does no damage.
You puncture the orc knight!
The orc knight looks as sick as possible!
The orc knight is heavily wounded.
You hit the orc knight but do no damage.
The orc knight looks as sick as possible!
The orc knight is heavily wounded.
The orc warrior hits you with a +4 dire flail of draining!!
* * * LOW HITPOINT WARNING * * *
You partially resist.
You feel drained.
* * * LOW HITPOINT WARNING * * *
You block the orc's attack. You block the orc knight's attack.
The orc warrior hits you with a +0 flail!
* * * LOW HITPOINT WARNING * * *
The orc hits you but does no damage.
As you read the scroll of teleportation, it crumbles to dust.
You feel strangely unstable. The orc barely misses you.
The orc warrior hits you with a +4 dire flail of draining!!
You die...

##.#####.#########.....# #.#
.................<.##### #.#
##.######.######...# #.#
#.######.# ###.#.# #.#
#........####.....######### #.#
##########.....8.....#....# ##.#
##...........#....###...
##......oo...............
#########[.8...o@....8)....###...
........)[)....oo......[.).# ##.#
######.####.[........[##)######.#
#.# #.....8.....#.........# #.#
####.....#####.###..... #.#
###.#.#####.# #.#### #.#
#.........###.# #.#
#######.......# #.# #.#######


You could see an orc knight, 2 orc warriors and 2 orcs.

Vanquished Creatures
  A centaur warrior (D:8)
  Urug (D:10)
  An orc knight (D:9)
  A manticore (D:10)
  A gargoyle (D:10)
  A queen bee (D:10)
  A hornet (D:8)
  Grinder (D:3)
  2 hippogriffs
  Sigmund (D:6)
  A wyvern (D:10)
  Eustachio (D:6)
  A vampire mosquito (D:8)
  2 wargs
  2 hungry ghosts
  A water moccasin (D:10)
  Purgy (Sewer)
  2 sky beasts
  2 black bears (D:9)
  A hornet zombie (D:8)
  5 orc warriors
  An ice beast (D:7)
  A phantom (D:8)
  7 ogres
  2 centaurs (D:9)
  A crocodile (D:8)
  A big kobold (D:6)
  8 bullfrogs
  A gnoll sergeant (D:9)
  A scorpion (D:7)
  40 killer bees
  5 wights (D:7)
  A vampire bat (D:3)
  A bullfrog zombie (D:5)
  8 howler monkeys
  4 crimson imps
  3 jellies
  2 quasits (D:9)
  3 centaur skeletons
  6 orc priests
  A bullfrog skeleton (D:6)
  4 hounds
  17 orc wizards
  Crazy Yiuf (D:3)
  3 iguanas
  Ijyb (D:3)
  7 worker ants
  A worker ant zombie (D:9)
  8 gnolls
  6 adders
  2 howler monkey skeletons
  2 shadow imps
  2 oozes
  3 worms
  2 adder skeletons
  4 dart slugs
  3 fire bats (D:3)
  9 leopard geckos
  71 orcs
  2 spectral bats (D:3)
  7 ball pythons
  3 bat skeletons (D:3)
  A bat zombie (D:3)
  6 giant cockroaches
  5 goblins
  8 hobgoblins
  13 jackals
  8 kobolds
  8 quokkas
  13 bats
  A bat simulacrum (D:3)
  8 frilled lizards
  2 leopard gecko skeletons
  3 quokka skeletons
  8 rats
  4 plants (D:6)
373 creatures vanquished.

Notes
Turn   | Place    | Note
-------+----------+-------------------------------------------
     0 | D:1      | Ivan the Minotaur Fighter began the quest for the Orb.
     0 | D:1      | Reached XP level 1. HP: 19/19 MP: 0/0
   320 | D:1      | Reached XP level 2. HP: 24/27 MP: 1/1
   786 | D:2      | Reached XP level 3. HP: 21/33 MP: 2/2
   872 | D:2      | Found an opulent altar of Gozag.
  1105 | D:2      | Found a stormy altar of Qazlal.
  1385 | D:2      | Reached XP level 4. HP: 40/40 MP: 3/3
  1791 | D:3      | Noticed Ijyb
  1800 | D:3      | Killed Ijyb
  1822 | D:3      | Reached XP level 5. HP: 37/47 MP: 4/4
  1916 | D:3      | Reached skill level 5 in Axes
  2059 | D:3      | Reached skill level 5 in Shields
  2059 | D:3      | Reached XP level 6. HP: 51/55 MP: 5/5
  2132 | D:3      | Found a runed translucent door.
  2133 | D:3      | Noticed Crazy Yiuf
  2219 | D:3      | Noticed Grinder
  2237 | D:3      | Paralysed by Grinder for 3 turns
  2241 | D:3      | Reached skill level 5 in Fighting
  2247 | D:3      | Killed Grinder
  2630 | D:3      | Killed Crazy Yiuf
  2630 | D:3      | Reached XP level 7. HP: 61/61 MP: 6/6
  2831 | D:4      | Found a glowing drain.
  2842 | Sewer    | Entered a sewer
  2885 | Sewer    | Noticed Purgy
  2890 | Sewer    | Killed Purgy
  3507 | D:4      | Found a shimmering altar of Xom.
  3639 | D:5      | Entered Level 5 of the Dungeon
  3676 | D:5      | Reached skill level 5 in Armour
  3690 | D:5      | Found a white marble altar of Elyvilon.
  4060 | D:5      | Got a vibrating brass ring
  4140 | D:5      | Found a staircase to the Ecumenical Temple.
  4152 | D:5      | Found a sparkling altar of Nemelex Xobeh.
  4173 | Temple   | Entered the Ecumenical Temple
  4211 | Temple   | Became a worshipper of Warmaster Okawaru
  4605 | D:6      | Reached XP level 8. HP: 69/70 MP: 7/7
  4633 | D:6      | Noticed Sigmund
  4645 | D:6      | Killed Sigmund
  4740 | D:6      | Noticed Eustachio
  4751 | D:6      | Killed Eustachio
  5028 | D:6      | Reached * piety under Okawaru
  5335 | D:7      | Reached XP level 9. HP: 26/79 MP: 5/8
  5363 | D:6      | HP: 2/79 [killer bee (7)]
  5686 | D:7      | Identified the ring "Irphimy" {*Contam rElec rN+ MR+ Dex+7}
                  | (You found it on level 5 of the Dungeon)
  5837 | D:7      | Reached ** piety under Okawaru
  6088 | D:8      | Found an opulent altar of Gozag.
  6095 | D:8      | Found a deep blue altar of Sif Muna.
  6105 | D:8      | Found a snail-covered altar of Cheibriados.
  6191 | D:8      | Found a staircase to the Lair.
  6256 | D:8      | Found a shattered altar of Ashenzari.
  6279 | D:8      | Found Tosuzuaci's Distillery.
  6287 | D:8      | Bought a potion of heal wounds for 75 gold pieces
  6349 | D:8      | Found a basalt altar of Yredelemnul.
  6350 | D:8      | Found a deep blue altar of Sif Muna.
  6350 | D:8      | Found an opulent altar of Gozag.
  6350 | D:8      | Found a shadowy altar of Dithmenos.
  6355 | D:8      | Reached skill level 10 in Axes
  6417 | D:8      | HP: 2/82 [orc warrior/cursed -1 scimitar (9)]
  6421 | D:8      | Reached *** piety under Okawaru
  6423 | D:8      | Reached XP level 10. HP: 70/90 MP: 9/9
  6433 | D:8      | Identified the ring of the Cockroach {Wiz MR+}
  6433 | D:8      | Noticed a centaur warrior
  6439 | D:8      | HP: 4/90 [centaur warrior (6)]
  6442 | D:8      | Killed a centaur warrior
  6442 | D:8      | Reached skill level 10 in Shields
  6464 | D:8      | Reached **** piety under Okawaru
  6988 | D:8      | Paralysed by a hornet for 1 turns
  6992 | D:8      | Reached skill level 1 in Polearms
  7660 | D:9      | Reached ***** piety under Okawaru
  7686 | D:9      | Reached skill level 5 in Polearms
  7878 | D:9      | Found a staircase to the Orcish Mines.
  8230 | D:10     | Entered Level 10 of the Dungeon
  8283 | D:10     | Noticed a gargoyle
  8303 | D:10     | Killed a gargoyle
  8303 | D:10     | Received a gift from Okawaru
  8316 | D:10     | Reached XP level 11. HP: 81/99 MP: 10/10
  8322 | D:10     | Got an ichor-stained ring mail {god gift}
  8438 | D:10     | Noticed Urug
  8457 | D:10     | Killed Urug
  8773 | D:10     | Reached skill level 10 in Fighting
  9203 | D:10     | Noticed a catoblepas
  9527 | Orc:1    | Entered Level 1 of the Orcish Mines
  9537 | Orc:1    | Noticed an orc knight
  9575 | D:9      | Killed an orc knight
  9577 | Orc:1    | Noticed an orc knight
  9769 | Orc:1    | Noticed an orc warlord
  9931 | D:9      | Demolished by an orc warrior

Levels and vault maps discovered:
D:1:      dpeg_arrival_boxorama, layout_basic
D:2:      layout_loops_corners, overflow_temple_1_default,
          nicolae_gozag_cash_rules_everything_around_me
D:3:      layout_loops_cross, chequers_serial_rivers_small_b, goddamned_bats,
          uniq_ijyb, uniq_crazy_yiuf_cottage, uniq_grinder
D:4:      layout_gridville, lemuel_doored_altar, cheibrodos_sewer_entry_drain,
          first_ration
D:5:      layout_basic, overflow_temple_1_default,
          minmay_temple_entry_overgrown, nemelex_xobeh_ov_fountains_minmay
D:6:      layout_loops_ring, lexackson_kobold_supper, uniq_sigmund,
          uniq_eustachio
D:7:      layout_basic, grunt_ogre_cave
D:8:      minmay_the_grid_octo_tiled_squarecenter [minmay_the_grid_octo_clover,
          minmay_the_grid_octo_focus, minmay_the_grid_octo_77,
          minmay_the_grid_octo_shrine,
          minmay_the_grid_square_5x5_megaprize_diamond,
          minmay_the_grid_square_5x5_three,
          minmay_the_grid_square_5x5_hourglass, minmay_the_grid_square_5x5_six,
          minmay_the_grid_square_5x5_trominoes], layout_loops_corners,
          evilmike_ruin_ashenzari, chequers_temple_overflow_statue_of_worship,
          serial_shops, nicolae_shop_crystal, kennysheep_generic_room_2
D:9:      layout_loops_ring, david_orc_2
D:10:     nzn_motion_control, layout_basic, special_room [special_room_bee],
          uniq_urug
Temple:   eino_wide_crystal_templ
Orc:1:    layout_caves, uniq_nergalle
Sewer:    sewer_co_purgy_island

Skill      XL: |  1  2  3  4  5  6  7  8  9 10 11 |
---------------+----------------------------------+-----
Fighting       | 4 5 6 7 8 9 10 | 10.1
Shields        | 4 5 6 8 9 10 11 | 11.3
Armour         | 4 5 6 7 8 9 |  9.6
Axes           | 3 4 5 6 7 8 10 11 | 11.0
Polearms       | 6 9 |  9.2
Dodging        | |  0.5
Stealth        | |  0.1
Invocations    | |  0.1

Action                   |  1- 3 |  4- 6 |  7- 9 | 10-12 || total
-------------------------+-------+-------+-------+-------++-------
Melee: War axe           |    71 |   117 |   318 |    23 ||   529
       Headbutt          |    11 |    24 |    79 |   106 ||   220
       Spear             |       |       |       |   446 ||   446
Invok: Heroism           |       |       |     1 |     5 ||     6
  Use: Scroll            |       |       |    10 |     7 ||    17
       Potion            |       |       |     8 |     5 ||    13
  Eat: Chunk             |     1 |     4 |     2 |     5 ||    12
       Ration            |       |       |     4 |     3 ||     7
Armor: Scale mail        |    28 |    67 |   102 |     2 ||   199
       Plate armour      |       |       |       |   126 ||   126
Dodge: Dodged            |    22 |    41 |   115 |   109 ||   287
Block: Shield            |    28 |    76 |   181 |   236 ||   521

Table legend:
 A = Non-vault XP
 B = Vault XP
 C = Vault XP percentage of total XP
 D = Non-vault monster count
 E = Vault monster count
 F = Vault count percentage of total count
                 A         B        C        D         E       F
            +---------+---------+-------+---------+---------+-------
      Total |    9135 |    7744 |  45.9 |     264 |     105 |  28.5
            +---------+---------+-------+---------+---------+-------
        D:1 |      16 |       0 |   0.0 |       9 |       0 |   0.0
        D:2 |      91 |       0 |   0.0 |      28 |       0 |   0.0
        D:3 |     120 |     521 |  81.3 |      33 |      23 |  41.1
        D:4 |     106 |       4 |   3.6 |      10 |       3 |  23.1
        D:5 |     383 |       0 |   0.0 |      19 |       0 |   0.0
        D:6 |     761 |     551 |  42.0 |      36 |      10 |  21.7
        D:7 |    1424 |     116 |   7.5 |      33 |       1 |   2.9
        D:8 |     981 |    3192 |  76.5 |      20 |      27 |  57.4
        D:9 |    3111 |      15 |   0.5 |      54 |       5 |   8.5
       D:10 |    1812 |    3183 |  63.7 |      18 |      27 |  60.0
      Orc:1 |     330 |       0 |   0.0 |       4 |       0 |   0.0
      Sewer |       0 |     162 | 100.0 |       0 |       9 | 100.0
            +---------+---------+-------+---------+---------+-------
